 Dungeon Crawl Stone Soup version 0.31-a0-997-g9a2f3ffc92 (webtiles) character file.

Game seed: 14722708680538359216

182 Arzdou the Thrower (level 5, -1/51 HPs)
             Began as a Gnoll Wanderer on Nov 7, 2023.
             Was a Priest of Jiyva.
             Killed by nerve-wracking pain
             ... invoked by Grinder
              (12 damage)
             ... on level 4 of the Dungeon.
             The game lasted 00:04:51 (2551 turns).

Arzdou the Thrower (Gnoll Wanderer)                 Turns: 2551, Time: 00:04:52

Health: -1/51      AC:  5    Str:  8    XL:     5   Next: 61%
Magic:  7/7        EV: 12    Int:  9    God:    Jiyva [***...]
Gold:   87         SH:  0    Dex: 19    Spells: 7/7 levels left

rFire   x . .        b - +3 dagger
rCold   + . .        (no shield)
rNeg    . . .        h - +2 robe "Qiokhuul" {+Inv rElec rF- rC+}
rPois   .            (no helmet)
rElec   +            l - +0 cloak
rCorr   +            (no gloves)
SInv    .            (boots unavailable)
Will    .....        m - amulet of regeneration
Stlth   +++          (no ring)
HPRegen 2.20/turn    (no ring)
MPRegen 0.45/turn

%: no passive effects
@: no status effects
A: fangs 1, strong nose, distributed training, hooves 3, camouflage 1
a: Renounce Religion, Evoke Invisibility, Oozemancy


You were on level 4 of the Dungeon.
You worshipped Jiyva.
Jiyva was most pleased with you.
You visited 1 branch of the dungeon, and saw 4 of its levels.

You collected 109 gold pieces.
You spent 22 gold pieces at shops.

Inventory:

Hand Weapons
 a - a +1 sling of draining
 b - a +3 dagger (weapon)
 s - a +0 morningstar
Missiles
 p - 2 curare-tipped darts (quivered)
 v - 4 poisoned darts
Armour
 c - a +0 pair of boots
 e - a +0 robe
 h - the +2 robe "Qiokhuul" (worn) {+Inv rElec rF- rC+}
   (You found it on level 3 of the Dungeon)

   rF-:       It makes you vulnerable to fire.
   rC+:       It protects you from cold.
   rElec:     It insulates you from electricity.
   +Inv:      It lets you turn invisible.
 l - a +0 cloak (worn)
Jewellery
 m - an amulet of regeneration (around neck)
Wands
 n - a wand of roots (12)
Scrolls
 d - 2 scrolls of silence
 f - a scroll of noise
 g - 4 scrolls of teleportation
 i - a scroll of fog
 o - a scroll of enchant weapon
 r - a scroll of enchant armour {unknown}
 t - a scroll of acquirement {unknown}
 u - a scroll of amnesia {unknown}
Potions
 j - a potion of lignification {unknown}
 k - a potion of attraction {unknown}
 q - a potion of cancellation {unknown}


   Skills:
 + Level 8.6 Fighting
 + Level 1.6 Short Blades
 + Level 1.6 Long Blades
 + Level 1.6 Axes
 + Level 1.6 Maces & Flails
 + Level 1.6 Polearms
 + Level 1.6 Staves
 + Level 1.6 Ranged Weapons
 + Level 8.6 Throwing
 + Level 3.0 Armour
 + Level 1.6 Dodging
 + Level 2.8 Stealth
 + Level 1.6 Shields
 + Level 1.6 Unarmed Combat
 + Level 1.6 Spellcasting
 + Level 1.2 Conjurations
 + Level 1.2 Hexes
 + Level 1.2 Summonings
 + Level 1.2 Necromancy
 + Level 1.2 Translocations
 + Level 1.2 Transmutations
 + Level 1.2 Fire Magic
 + Level 1.2 Ice Magic
 + Level 1.2 Air Magic
 + Level 1.2 Earth Magic
 + Level 1.2 Poison Magic
 + Level 1.8 Invocations
 + Level 1.6 Evocations
 + Level 1.4 Shapeshifting


You had 7 spell levels left.
You didn't know any spells.
Your spell library was empty.

Dungeon Overview and Level Annotations

Branches:
Dungeon (4/15)
 Temple: D:4-7

Altars:
Cheibriados
Elyvilon
Nemelex Xobeh
Okawaru
Ru
Trog
Yredelemnul
Zin
Jiyva

Shops:
D:3 *

Annotations:
D:4 Grinder


Innate Abilities, Weirdness & Mutations

You have very sharp teeth.
Your uncanny sense of smell can sniff out nearby items.
Your experience applies equally to all skills.
You have hooves in place of feet.
Your skin changes colour to match your surroundings (Stealth+).


Message History

Grinder is lightly wounded.
You shoot a sling bullet.
The sling bullet closely misses Grinder.
You shoot a sling bullet. The sling bullet hits Grinder.
Grinder is moderately wounded.
Grinder gestures at you. Pain shoots through your body!
b - a +3 dagger (weapon)
You hit Grinder. You kick Grinder.
Grinder is heavily wounded.
Grinder hits you but does no damage.
You hit Grinder but do no damage.
Grinder is heavily wounded.
Grinder says, "Don't move a muscle."
Grinder hits you.
You writhe in agony.
You hit Grinder. You kick Grinder. Your bite misses Grinder.
Grinder is severely wounded.
Grinder gestures at you.
You suddenly lose the ability to move!
Grinder hits you.
You writhe in agony.
Grinder hits you but does no damage. Grinder hits you.
You writhe in agony.
Grinder hits you. Grinder hits you!
You writhe in agony.
* * * LOW HITPOINT WARNING * * *
You can move again.
Unknown command.
You are too injured to fight recklessly!
You hit Grinder. Your kick misses Grinder. Your bite misses Grinder.
Grinder is severely wounded.
Grinder hits you.
* * * LOW HITPOINT WARNING * * *
You writhe in agony.
* * * LOW HITPOINT WARNING * * *
You barely miss Grinder. You bite Grinder, but do no damage.
Grinder is severely wounded.
Grinder gestures at you. Pain shoots through your body!
You die...
Grinder says, "Now the real fun starts!"

## .....# #. .....# #.
.....## #. ....... #.
...........# #.
#####+##...........# #.
#.......5..........# #.
#......@...........# #.
#..................# #.
#.............)....# #.
#..................# #.
####'###......###..####.
#. ##..#..###.....###.#.
#..#..###..#.......#..##
∆
#......#...............#
#.#.........#.....#.....


You could see Grinder.

Vanquished Creatures
  An orc priest (D:3)
  Terence (D:3)
  2 orc wizards (D:2)
  2 adders (D:2)
  2 worms (D:2)
  7 orcs
  2 ball pythons
  2 endoplasms (D:2)
  5 giant cockroaches
  A goblin (D:2)
  2 hobgoblins (D:1)
  A quokka (D:2)
  4 bats
  2 frilled lizards (D:1)
  10 kobolds
  6 rats
50 creatures vanquished.

Vanquished Creatures (others)
  An orc (D:3)
  A hobgoblin (D:3)
  A bat (D:2)
3 creatures vanquished.

Grand Total: 53 creatures vanquished

Notes
Turn   | Place    | Note
-------+----------+-------------------------------------------
     0 | D:1      | Arzdou the Gnoll Wanderer began the quest for the Orb.
     0 | D:1      | Arzdou set off with the following items: a +3 dagger, 2
                  | curare-tipped darts, a +0 pair of boots, a scroll of
                  | silence, a +0 robe.
     0 | D:1      | Reached XP level 1. HP: 26/26 MP: 1/1
   109 | D:1      | Reached XP level 2. HP: 33/33 MP: 2/2
   589 | D:2      | Reached XP level 3. HP: 16/38 MP: 3/3
   910 | D:2      | Reached skill level 1 in Invocations
   913 | D:2      | Reached skill level 1 in Short Blades
   913 | D:2      | Reached skill level 1 in Long Blades
   913 | D:2      | Reached skill level 1 in Axes
   913 | D:2      | Reached skill level 1 in Maces & Flails
   913 | D:2      | Reached skill level 1 in Polearms
   913 | D:2      | Reached skill level 1 in Staves
   913 | D:2      | Reached skill level 1 in Ranged Weapons
   913 | D:2      | Reached skill level 1 in Dodging
   913 | D:2      | Reached skill level 1 in Shields
   913 | D:2      | Reached skill level 1 in Unarmed Combat
   913 | D:2      | Reached skill level 1 in Spellcasting
   913 | D:2      | Reached skill level 1 in Evocations
   942 | D:2      | Reached skill level 1 in Shapeshifting
   942 | D:2      | Reached XP level 4. HP: 45/45 MP: 5/5
   961 | D:2      | Reached skill level 1 in Conjurations
   961 | D:2      | Reached skill level 1 in Hexes
   961 | D:2      | Reached skill level 1 in Summonings
   961 | D:2      | Reached skill level 1 in Necromancy
   961 | D:2      | Reached skill level 1 in Translocations
   961 | D:2      | Reached skill level 1 in Transmutations
   961 | D:2      | Reached skill level 1 in Fire Magic
   961 | D:2      | Reached skill level 1 in Ice Magic
   961 | D:2      | Reached skill level 1 in Air Magic
   961 | D:2      | Reached skill level 1 in Earth Magic
   961 | D:2      | Reached skill level 1 in Poison Magic
  1188 | D:2      | Found a faded altar of an unknown god.
  1193 | D:2      | Prayed at the altar of an unknown god.
  1193 | D:2      | Became a worshipper of Jiyva Julurch the Shapeless
  1193 | D:2      | Reached * piety under Jiyva
  1548 | D:3      | Found a sparkling altar of Nemelex Xobeh.
  1552 | D:3      | Reached XP level 5. HP: 51/51 MP: 5/7
  1665 | D:3      | Reached ** piety under Jiyva
  1702 | D:3      | Identified the +2 robe "Qiokhuul" {+Inv rElec rF- rC+}
  1808 | D:3      | Noticed Terence
  1832 | D:3      | Killed Terence
  1931 | D:3      | Found Engo Ziu's General Store.
  1939 | D:3      | Bought a scroll of identify for 22 gold pieces
  2080 | D:3      | Found a glowing silver altar of Zin.
  2082 | D:3      | Found a white marble altar of Elyvilon.
  2088 | D:3      | Found a basalt altar of Yredelemnul.
  2091 | D:3      | Found an iron altar of Okawaru.
  2091 | D:3      | Found a snail-covered altar of Cheibriados.
  2096 | D:3      | Found a bloodstained altar of Trog.
  2099 | D:3      | Found a sacrificial altar of Ru.
  2401 | D:4      | Reached *** piety under Jiyva
  2405 | D:4      | Gained mutation: You have large cloven feet. [Jiyva's
                  | grace]
  2405 | D:4      | Gained mutation: You have hoof-like feet. [Jiyva's grace]
  2405 | D:4      | Gained mutation: You have hooves in place of feet. [Jiyva's
                  | grace]
  2405 | D:4      | Gained mutation: Your skin changes colour to match your
                  | surroundings (Stealth+). [Jiyva's grace]
  2535 | D:4      | Noticed Grinder
  2544 | D:4      | Paralysed by Grinder for 5 turns
  2551 | D:4      | Killed from afar by Grinder

Illustrated notes

Levels and vault maps discovered:
D:1:      dpeg_arrival_lava_temple_mockup, layout_basic, serial_bayou_pond_b,
          minmay_misc_feat_tiny, minmay_octomino_j4
D:2:      minmay_razor_zed, layout_loops_cross, chequers_ecumenical_altar_lobes
D:3:      layout_basic, mainiacjoe_overflow_small_starburst,
          nicolae_overflow_hallway_of_the_gods, serial_shops, shop, uniq_terence
D:4:      nicolae_cairo_tiling_large_dashed, layout_gridville,
          nicolae_overflow_hallway_of_the_gods, uniq_grinder

Skill      XL: |  1  2  3  4  5 |
---------------+----------------+-----
Invocations    | 1 |  1.8
Short Blades   | 1 |  1.6
Long Blades    | 1 |  1.6
Axes           | 1 |  1.6
Maces & Flails | 1 |  1.6
Polearms       | 1 |  1.6
Staves         | 1 |  1.6
Ranged Weapons | 1 |  1.6
Dodging        | 1 |  1.6
Shields        | 1 |  1.6
Unarmed Combat | 1 |  1.6
Spellcasting   | 1 |  1.6
Evocations     | 1 |  1.6
Shapeshifting  | 1 |  1.4
Conjurations   | 1 |  1.2
Hexes          | 1 |  1.2
Summonings     | 1 |  1.2
Necromancy     | 1 |  1.2
Translocations | 1 |  1.2
Transmutations | 1 |  1.2
Fire Magic     | 1 |  1.2
Ice Magic      | 1 |  1.2
Air Magic      | 1 |  1.2
Earth Magic    | 1 |  1.2
Poison Magic   | 1 |  1.2
Armour         | 3 |  3.0
Fighting       | |  8.6
Throwing       | |  8.6
Stealth        | |  2.8

Action                     |  1- 3 |  4- 6 || total
---------------------------+-------+-------++-------
  Melee: Dagger            |    55 |    83 ||   138
         Bite              |     6 |     6 ||    12
         Sling             |     2 |       ||     2
         Punch             |       |     1 ||     1
         Kick              |       |     2 ||     2
   Fire: Sling             |    10 |    19 ||    29
    Use: Scroll            |       |     4 ||     4
   Stab: Sleeping          |     4 |     2 ||     6
 Armour: Robe              |    30 |    53 ||    83
  Dodge: Dodged            |    33 |    47 ||    80

Table legend: (Time is in decaauts)
 A = Elapsed time spent in this place.
 B = Non-inter-level travel time spent in this place.
 C = Inter-level travel time spent in this place.
 D = Time resting spent in this place.
 E = Time spent auto-exploring this place.
 F = Levels seen in this place.
 G = Mean time per level.
                   A        B        C        D        E       F      G
               +--------+--------+--------+--------+--------+-----+--------+
         Total |   2550 |   2432 |    118 |      0 |   2013 |   4 |  637.5 |
       Dungeon |   2550 |   2432 |    118 |      0 |   2013 |   4 |  637.5 |
               +--------+--------+--------+--------+--------+-----+--------+

Top non-repeatable levels by time:
     D:2: 1063 daAuts
     D:3: 818 daAuts
     D:1: 492 daAuts
     D:4: 176 daAuts
